 Dungeon Crawl Stone Soup version 0.31-a0-986-g5e6e4ef867 (webtiles) character file.

Game seed: 3253212554467703128

1084 greenreed the Fighter (level 8, -3/88 HPs)
             Began as an Ogre Fighter on Nov 9, 2023.
             Was an Initiate of Hepliaklqana.
             Succumbed to a water moccasin's poison
             ... on level 5 of the Dungeon.
             The game lasted 00:10:21 (5500 turns).

greenreed the Fighter (Ogre Fighter)                Turns: 5500, Time: 00:10:21

Health: -3/88      AC:  5    Str: 23    XL:     8   Next: 30%
Magic:  8/8        EV:  9    Int:  9    God:    Hepliaklqana [......]
Gold:   234        SH:  8    Dex:  8    Spells: 7/7 levels left

rFire   . . .        a - +0 trident
rCold   . . .        c - +0 kite shield
rNeg    . . .        r - +2 robe {Will+}
rPois   .            (helmet restricted)
rElec   .            (no cloak)
rCorr   .            (gloves unavailable)
SInv    .            (boots unavailable)
Will    +....        (no amulet)
Stlth   +            (no ring)
HPRegen 0.34/turn    (no ring)
MPRegen 0.11/turn

%: no passive effects
@: mighty, lethally poisoned (-3 -> -26), attractive
A: large, unfitting armour, tough skin 1
a: Renounce Religion


You were on level 5 of the Dungeon.
You worshipped Hepliaklqana.
Hepliaklqana was noncommittal.
You visited 1 branch of the dungeon, and saw 5 of its levels.

You collected 234 gold pieces.

Inventory:

Hand Weapons
 a - a +0 trident (weapon)
Armour
 c - a +0 kite shield (worn)
 r - a +2 robe of willpower (worn)
Scrolls
 b - a scroll of fear {unknown}
 e - 4 scrolls of identify {unknown}
 f - 2 scrolls of blinking {unknown}
 g - 3 scrolls of immolation {unknown}
 l - a scroll of enchant armour {unknown}
 p - a scroll of vulnerability {unknown}
 s - a scroll of fog {unknown}
Potions
 h - 2 potions of haste {unknown}
 i - 2 potions of attraction
 j - a potion of curing {unknown}
 k - a potion of berserk rage {unknown}
 m - a potion of mutation {unknown}
 n - a potion of heal wounds {unknown}
 o - a potion of enlightenment {unknown}
 q - a potion of degeneration {unknown}


   Skills:
 * Level 8.3 Fighting
 * Level 5.7 Polearms
 + Level 4.4 Dodging
 + Level 4.8 Shields


You had 7 spell levels left.
You didn't know any spells.
Your spell library contained the following spells:

 Spells                   Type           Power      Damage    Failure   Level
 Dazzling Flash           Conj/Hex       0%         N/A       95%         3
 Ozocubu's Armour         Ice            0%         N/A       95%         3
 Agony                    Necr           0%         N/A       100%        5
 Silence                  Hex/Air        0%         N/A       100%        5
 Ozocubu's Refrigeration  Ice            0%         4d7       100%        7


Dungeon Overview and Level Annotations

Branches:
Dungeon (5/15)
 Temple: D:4-7

Altars:
Hepliaklqana


Innate Abilities, Weirdness & Mutations

You are too large for most types of armour.
You have tough skin. (AC +1)


Message History

You feel very sick. The water moccasin closely misses you.
You hit the water moccasin.
The water moccasin is lightly wounded.
You feel very sick.
The water moccasin bites you but does no damage.
You block the water moccasin's attack.
You miss the water moccasin.
The water moccasin is lightly wounded.
You feel very sick. The water moccasin bites you.
You are more poisoned.
The water moccasin poisons you! The water moccasin closely misses you.
You feel very mighty all of a sudden.
You feel very sick. The water moccasin bites you.
* * * LOW HITPOINT WARNING * * *
You hit the water moccasin.
The water moccasin is moderately wounded.
* * * LOW HITPOINT WARNING * * *
You feel very sick. You block the water moccasin's attack.
You puncture the water moccasin!
The water moccasin is severely wounded.
You feel very sick. The water moccasin bites you.
* * * LOW HITPOINT WARNING * * *
The water moccasin bites you but does no damage.
You barely miss the water moccasin.
The water moccasin is severely wounded.
* * * LOW HITPOINT WARNING * * *
You feel very sick.
The water moccasin completely misses you.
The water moccasin bites you.
* * * LOW HITPOINT WARNING * * *
You are more poisoned.
The water moccasin poisons you!
It was a potion of attraction.
You feel attractive to monsters.
You die...

#########
#.@Sw...#
#.####.##
#.# #.#
##.#.#
#..#.#
#..#.#
#.##.#
#.##.#


You could see a water moccasin and a worm.

Vanquished Creatures
  Sigmund (D:4)
  Edmund (D:3)
  4 ogres
  A scorpion (D:4)
  2 hounds (D:4)
  2 jellies
  2 iguanas (D:5)
  Natasha (thrice) (D:2)
  Robin (D:4)
  3 adders
  A worm (D:2)
  2 dart slugs
  4 orcs (D:3)
  7 endoplasms
  4 giant cockroaches
  23 goblins
  7 hobgoblins
  16 jackals
  5 kobolds
  A quokka (D:3)
  11 ball pythons
  6 bats
  2 frilled lizards (D:1)
  3 rats
112 creatures vanquished.

Notes
Turn   | Place    | Note
-------+----------+-------------------------------------------
     0 | D:1      | greenreed the Ogre Fighter began the quest for the Orb.
     0 | D:1      | Reached XP level 1. HP: 24/24 MP: 1/1
   137 | D:1      | Reached XP level 2. HP: 29/32 MP: 2/2
   324 | D:1      | Reached XP level 3. HP: 40/40 MP: 3/3
   404 | D:1      | Found a faded altar of an unknown god.
  1334 | D:2      | Noticed Natasha
  1342 | D:2      | Killed Natasha
  1343 | D:2      | Reached skill level 5 in Fighting
  1343 | D:2      | Reached XP level 4. HP: 26/50 MP: 4/4
  1610 | D:2      | Noticed Natasha
  1625 | D:2      | HP: 2/50 [cerulean imp/+1 spear[Natasha] (6)]
  1626 | D:2      | Killed Natasha
  1645 | D:2      | Noticed Natasha
  1809 | D:2      | Killed Natasha
  1810 | D:2      | Reached XP level 5. HP: 18/57 MP: 5/5
  2744 | D:3      | Found a hazy altar of Hepliaklqana.
  2881 | D:3      | Became a worshipper of Hepliaklqana the Forgotten
  3014 | D:4      | Noticed Robin
  3097 | D:4      | Reached XP level 6. HP: 47/67 MP: 6/6
  3234 | D:4      | Reached skill level 6 in Fighting
  3724 | D:4      | Noticed Sigmund
  3724 | D:4      | Noticed Edmund
  3790 | D:3      | Killed Edmund
  3791 | D:3      | Reached XP level 7. HP: 14/76 MP: 7/7
  4022 | D:4      | Killed Sigmund
  4023 | D:4      | Reached skill level 7 in Fighting
  4248 | D:4      | Killed Robin
  4366 | D:4      | Reached skill level 5 in Polearms
  4813 | D:5      | Entered Level 5 of the Dungeon
  4862 | D:5      | Reached XP level 8. HP: 45/88 MP: 8/8
  5037 | D:5      | Reached skill level 8 in Fighting
  5499 | D:5      | HP: 2/88 [water moccasin (5)]
  5500 | D:5      | Succumbed to a water moccasin's poison

Illustrated notes

Levels and vault maps discovered:
D:1:      elethiomel_arrival_maze, layout_loops_ring, serial_glass,
          glass_columns_c, glass_columns_a, due_unseen_surprise,
          hellmonk_ecumenical_altar_inner_sanctum
D:2:      layout_loops_ring, uniq_natasha
D:3:      layout_basic, nzn_hepliaklqana_mist_gate, dk_noncrumbling_2
D:4:      layout_loops_cross, sigmund_edmund_badplayer, uniq_robin
D:5:      layout_basic, roderic_lattice_a

Skill      XL: |  1  2  3  4  5  6  7  8 |
---------------+-------------------------+-----
Dodging        | 3 4 |  4.4
Fighting       | 5 6 7 8 |  8.3
Polearms       | 3 4 5 |  5.7
Shields        | 4 |  4.8

Action                     |  1- 3 |  4- 6 |  7- 9 || total
---------------------------+-------+-------+-------++-------
  Melee: Trident           |    89 |   218 |   138 ||   445
    Use: Potion            |       |     2 |     2 ||     4
   Stab: Sleeping          |       |     1 |       ||     1
 Armour: Robe              |    42 |   143 |    64 ||   249
  Dodge: Dodged            |    24 |    89 |    32 ||   145
  Block: Kite shield       |    21 |    90 |    41 ||   152

Table legend: (Time is in decaauts)
 A = Elapsed time spent in this place.
 B = Non-inter-level travel time spent in this place.
 C = Inter-level travel time spent in this place.
 D = Time resting spent in this place.
 E = Time spent auto-exploring this place.
 F = Levels seen in this place.
 G = Mean time per level.
                   A        B        C        D        E       F      G
               +--------+--------+--------+--------+--------+-----+--------+
         Total |   5606 |   5383 |    223 |    687 |   3666 |   5 | 1121.2 |
       Dungeon |   5606 |   5383 |    223 |    687 |   3666 |   5 | 1121.2 |
               +--------+--------+--------+--------+--------+-----+--------+

Top non-repeatable levels by time:
     D:4: 1617 daAuts
     D:3: 1426 daAuts
     D:1: 1095 daAuts
     D:2: 925 daAuts
     D:5: 541 daAuts
